 Dungeon Crawl Stone Soup version 0.22-a0-392-g5dc3fd9 (webtiles) character file.

21504 DrEnzyme the Fighter (level 12, -7/108 HPs)
             Began as a Yellow Draconian Wanderer on Apr 30, 2018.
             Was the Champion of Okawaru.
             Mangled by an ice devil (8 damage)
             ... summoned by an orc high priest
             ... on level 11 of the Dungeon.
             The game lasted 02:04:35 (20935 turns).

DrEnzyme the Fighter (Yellow Draconian Wanderer)   Turns: 20935, Time: 02:04:39

Health: -7/108     AC: 19    Str: 20    XL:     12   Next: 54%
Magic:  9/14       EV: 11    Int: 11    God:    Okawaru [******]
Gold:   661        SH: 12    Dex: 19    Spells: 9/11 levels left

rFire    . . .     SeeInvis .   a - +6 scimitar (protect)
rCold    + . .     Gourm    .   F - +0 shield
rNeg     . . .     Faith    +   (armour unavailable)
rPois    .         Spirit   .   g - +2 hat
rElec    .         Reflect  .   Y - +0 cloak
rCorr    +         Harm     .   j - +0 pair of gloves
MR       .....                  (no boots)
Stlth    +++++.....             q - amulet of faith
HPRegen  0.28/turn              p - +3 ring of dexterity
MPRegen  0.14/turn              y - ring of protection from cold

@: about to teleport, finesse, protection aura
A: spit acid, acid resistance, unfitting armour, agile 2, cold-blooded, AC +8
a: Breathe Acid, Heroism, Finesse, Renounce Religion


You were on level 11 of the Dungeon.
You worshipped Okawaru.
Okawaru was exalted by your worship.
You were not hungry.

You visited 3 branches of the dungeon, and saw 14 of its levels.
You also visited: Ossuary and Volcano.

You collected 661 gold pieces.

Inventory:

Hand Weapons
 a - a +6 scimitar of protection (weapon)
 b - a +6 hunting sling of freezing
 c - the +5 hand axe of Ash {speed, *Corrode rC++ Str+6}
   (You found it on level 2 of the Lair of Beasts)

   Attacks with this weapon are significantly faster.
   It affects your strength (+6).
   It greatly protects you from cold.
   It may corrode you when you take damage.
 L - a +0 short sword of electrocution
 R - a +0 scimitar of flaming
 S - the +5 falchion "Mere" {venom, rC+}
   (You found it on level 5 of the Dungeon)

   It poisons the flesh of those it strikes.
   It protects you from cold.
Missiles
 h - 252 stones (quivered)
 V - 31 sling bullets
 W - 4 javelins
Armour
 g - a +2 hat (worn)
 j - a +0 pair of gloves (worn)
 F - a +0 shield (worn)
 Y - a +0 cloak (worn)
Jewellery
 p - a +3 ring of dexterity (left hand)
 q - an amulet of faith (around neck)
 y - a ring of protection from cold (right hand)
 E - an uncursed ring of protection from cold
 I - an uncursed ring of ice
 K - an uncursed ring of ice
 N - an uncursed amulet of rage
Wands
 i - a wand of random effects (16)
 s - a wand of paralysis (20)
 v - a wand of clouds (5)
 C - a wand of enslavement (10)
 D - a wand of iceblast (4)
 G - a wand of flame (78)
 O - a wand of digging (22)
 U - a wand of polymorph (7)
Scrolls
 e - 5 scrolls of remove curse
 m - 3 scrolls of teleportation
 n - 2 scrolls of noise {unknown}
 o - 5 scrolls of immolation
 t - 2 scrolls of vulnerability {unknown}
 H - a scroll of magic mapping
 T - a scroll of blinking {unknown}
 X - a scroll of fog {unknown}
Potions
 f - 3 potions of flight
 k - 7 potions of curing
 l - a potion of might
 r - 2 potions of lignification
 u - a potion of heal wounds
 w - a potion of haste
 x - 2 potions of mutation
 z - 3 potions of invisibility
 A - a potion of experience {unknown}
 B - 2 potions of agility
 J - a potion of cancellation
 P - 2 potions of brilliance
 Q - 2 potions of resistance {unknown}
Comestibles
 d - 4 rations


   Skills:
 + Level 10.9 Fighting
 + Level 9.3 Long Blades
 + Level 6.4 Axes
 + Level 7.0 Slings
 - Level 0.2(4.3) Throwing
 - Level 1.1 Dodging
 * Level 9.8 Stealth
 * Level 9.8 Shields
 + Level 1.4 Invocations
 + Level 3.0 Evocations


You had 9 spell levels left.
You knew the following spells:

 Your Spells              Type           Power        Failure   Level  Hunger
a - Confusing Touch       Hex            #.....       56%         1    ##.....
b - Animate Skeleton      Necr           N/A          56%         1    ##.....


Dungeon Overview and Level Annotations

Branches:
Dungeon (11/15)            Temple (0/1) D:4            Lair (2/6) D:8
    Orc (1/2) D:11
  Swamp: Lair:2-4    Shoals: Lair:2-4     Snake: Lair:2-4    Spider: Lair:2-4

Altars:
Cheibriados
Okawaru
Ru
Yredelemnul
Zin

Annotations:
D:2 exclusion: 2 downstairs
D:3 DrEnzyme's ghost, amateur MiFi
D:5 exclusions: 2 downstairs and troll
D:6 Blork the orc
D:7 exclusion: downstairs
D:8 exclusion: downstairs
D:11 1 runed door
Lair:1 exclusion: 2 downstairs
Lair:2 exclusion: oklob plant


Innate Abilities, Weirdness & Mutations

You can spit globs of acid.
You are resistant to acid.
Your golden yellow scales are hard. (AC +8)
You cannot fit into any form of body armour.
You are cold-blooded and may be slowed by cold attacks.
You are very agile. (Dex +4)


Message History

The orc high priest is moderately wounded.
The orc knight roars a battlecry!
The orc high priest goes into a battle-frenzy!
You block the gnoll sergeant's attack. The ice devil hits you!
The ice devil freezes you! You resist. You block the rust devil's attack.
You block the gnoll sergeant's attack.
The orc high priest invokes the aid of Beogh against you.
You resist with significant effort.
You hit the orc high priest.
The orc high priest is moderately wounded.
The orc high priest mumbles some strange prayers to Beogh against you.
Pain shoots through your body!
As you read the scroll of teleportation, it crumbles to dust.
You feel strangely unstable.
The orc knight hits you with a long sword!!
* * * LOW HITPOINT WARNING * * *
The ice devil hits you!
* * * LOW HITPOINT WARNING * * *
The ice devil freezes you! You resist.
You die...

.#......'.................##...#.
.#......#..#####.....#######...#.
.##....#####......8......#######.
..#....### #.............#......#
#.#......###.............#......#
.#.......................##....#
.#......#..8.....>[....8..#....#
.#####+###.....o4.g............#
##....@4o......########
#.............#..(....
#......8......#.....##
#####.....#####.....##
##................
#................
#................
###########.<..## .......#...|##


You could see an orc knight, an orc high priest, an ice devil, a rust devil and
a gnoll sergeant.

Vanquished Creatures
  5 two-headed ogres
  The ghost of busb the Martial Artist, a novice OpWn of Ru (D:7)
  A manticore (D:11)
  2 elephants
  A black mamba (Lair:2)
  2 spiny frogs (Lair:1)
  2 rime drakes
  An efreet (D:10)
  2 trolls
  Prince Ribbit (D:6)
  8 hippogriffs
  A wraith (D:11)
  2 basilisks (Lair:1)
  4 hogs (D:7)
  6 fire bats (Volcano)
  18 yaks
  4 hungry ghosts
  A wyvern (Lair:2)
  A human (D:7)
  5 water moccasins
  7 porcupines
  2 black bears (D:7)
  3 orc warriors
  2 sky beasts (D:5)
  A phantom (D:11)
  An ice beast (D:6)
  A necrophage (D:5)
  An ogre (D:6)
  5 wolves (Lair:1)
  14 centaurs
  3 crocodiles
  A big kobold (D:10)
  A gnoll sergeant (D:9)
  10 bullfrogs
  A troll zombie (D:11)
  6 scorpions
  5 killer bees
  16 wights
  A howler monkey (D:6)
  3 crimson imps
  4 jellies
  5 lava snakes (Volcano)
  A bullfrog zombie (D:8)
  A centaur zombie (Ossuary)
  3 hounds
  A quasit (D:6)
  A human zombie (Ossuary)
  A bullfrog skeleton (D:4)
  3 orc priests
  4 orc wizards
  4 iguanas
  9 worker ants
  A killer bee zombie (D:10)
  3 ogre zombies (D:11)
  4 mummies (Ossuary)
  A hound zombie (D:6)
  3 hound skeletons
  2 worker ant zombies
  15 adders
  12 gnolls
  2 howler monkey skeletons
  4 shadow imps
  4 oozes
  2 worms
  A dart slug (D:1)
  5 leopard geckos
  43 orcs
  4 bats
  6 giant cockroaches
  A gnoll zombie (Ossuary)
  10 goblins
  7 hobgoblins
  7 jackals
  6 quokkas
  A ball python (D:3)
  2 ball python skeletons
  3 frilled lizards
  A giant cockroach zombie (D:6)
  5 goblin skeletons (D:11)
  A goblin zombie (Ossuary)
  A hobgoblin skeleton (D:11)
  2 hobgoblin zombies (D:11)
  9 kobolds
  A leopard gecko zombie (D:6)
  3 orc skeletons (D:11)
  16 orc zombies
  6 rats
383 creatures vanquished.

Vanquished Creatures (collateral kills)
  A wyvern (Lair:2)
  A worm (D:4)
  A dart slug (D:2)
  A kobold (D:2)
  A rat (D:2)
5 creatures vanquished.

Vanquished Creatures (others)
  An orc wizard (D:10)
  26 fungi
  10 plants
37 creatures vanquished.

Grand Total: 425 creatures vanquished

Notes
Turn   | Place    | Note
-------+----------+-------------------------------------------
     0 | D:1      | DrEnzyme the Draconian Wanderer began the quest for the Orb.
     0 | D:1      | DrEnzyme set off with: a wand of enslavement (15), a +0 hand axe, a scroll of teleportation, a ration
     0 | D:1      | Reached XP level 1. HP: 25/25 MP: 2/2
   112 | D:1      | Reached XP level 2. HP: 28/31 MP: 3/3
   132 | D:1      | Reached skill level 7 in Fighting
   896 | D:2      | Reached XP level 3. HP: 35/39 MP: 4/4
  1253 | D:2      | Noticed a centaur
  1466 | D:2      | Found a faded altar of an unknown god.
  1705 | D:2      | Learned a level 1 spell: Confusing Touch
  2016 | D:2      | Found an iron altar of Okawaru.
  2029 | D:2      | Became a worshipper of Warmaster Okawaru
  2145 | D:2      | Reached XP level 4. HP: 47/47 MP: 5/5
  2213 | D:2      | HP: 2/47 [centaur (7)]
  2214 | D:2      | Killed a centaur
  2214 | D:2      | Reached skill level 1 in Stealth
  2214 | D:2      | Reached XP level 5. HP: 3/52 MP: 6/6
  3275 | D:3      | Noticed DrEnzyme's ghost (amateur MiFi)
  3762 | D:3      | Reached * piety under Okawaru
  3762 | D:3      | Reached XP level 6. HP: 41/60 MP: 7/7
  4135 | D:4      | Found a sand-covered staircase.
  4145 | Ossuary  | Entered an ossuary
  4846 | D:4      | Reached skill level 5 in Axes
  5302 | D:4      | Learned a level 1 spell: Confusing Touch
  5367 | D:4      | Your scales start taking on a golden yellow colour.
  5367 | D:4      | Reached XP level 7. HP: 67/67 MP: 8/8
  6021 | D:4      | Found a staircase to the Ecumenical Temple.
  6317 | D:5      | Entered Level 5 of the Dungeon
  6345 | D:5      | Found a glowing silver altar of Zin.
  6389 | D:5      | Found a snail-covered altar of Cheibriados.
  6452 | D:5      | Got a polished falchion
  6454 | D:5      | Identified the +5 falchion "Mere" {venom, rC+} (You found it on level 5 of the Dungeon)
  6609 | D:5      | Reached skill level 8 in Fighting
  6632 | D:5      | Reached ** piety under Okawaru
  6677 | D:5      | Noticed a troll
  6687 | D:5      | Found a basalt altar of Yredelemnul.
  7338 | D:5      | Learned a level 1 spell: Animate Skeleton
  7374 | D:5      | Reached skill level 1 in Long Blades
  7374 | D:5      | Reached XP level 8. HP: 75/75 MP: 9/9
  7651 | D:5      | Reached skill level 1 in Dodging
  7651 | D:5      | Reached skill level 5 in Stealth
  7873 | D:6      | Reached skill level 1 in Shields
  7893 | D:6      | Noticed Prince Ribbit
  7917 | D:6      | Killed Prince Ribbit
  8299 | D:6      | Reached *** piety under Okawaru
  8853 | D:7      | Reached XP level 9. HP: 82/82 MP: 10/10
  8979 | D:6      | Noticed Blork the orc
  9191 | D:6      | Gained mutation: You do not regenerate when monsters are visible. [potion of mutation]
  9191 | D:6      | Gained mutation: Your tail ends in a poisonous barb. [potion of mutation]
  9338 | D:7      | Found a sacrificial altar of Ru.
  9544 | D:7      | Reached **** piety under Okawaru
  9544 | D:7      | Reached skill level 9 in Fighting
  9697 | D:7      | Noticed busb's ghost (novice OpWn)
  9700 | D:8      | Noticed a two-headed ogre
  9729 | D:7      | HP: 2/83 [orc warrior/long sword (19)]
 10156 | D:7      | Reached skill level 5 in Long Blades
 10561 | D:7      | Killed busb's ghost
 10561 | D:7      | Reached ***** piety under Okawaru
 10561 | D:7      | Reached skill level 5 in Shields
 10561 | D:7      | Reached XP level 10. HP: 72/91 MP: 11/11
 10837 | D:8      | Noticed a two-headed ogre
 11483 | D:8      | Found a staircase to the Lair.
 11875 | D:8      | Received a gift from Okawaru
 12375 | D:8      | Reached skill level 1 in Slings
 12407 | D:8      | Killed a two-headed ogre
 12550 | D:8      | Killed a two-headed ogre
 13119 | Lair:1   | Entered Level 1 of the Lair of Beasts
 13151 | Lair:1   | Lost mutation: You do not regenerate when monsters are visible. [potion of mutation]
 13151 | Lair:1   | Lost mutation: Your tail ends in a poisonous barb. [potion of mutation]
 13151 | Lair:1   | Gained mutation: You are agile. (Dex +2) [potion of mutation]
 13151 | Lair:1   | Gained mutation: You are very agile. (Dex +4) [potion of mutation]
 13158 | Lair:1   | Noticed a spiny frog
 13167 | Lair:1   | Killed a spiny frog
 13167 | Lair:1   | Reached ****** piety under Okawaru
 13167 | Lair:1   | Reached skill level 10 in Fighting
 13167 | Lair:1   | Reached XP level 11. HP: 99/99 MP: 13/13
 13228 | Lair:1   | Found a dark tunnel.
 13229 | Lair:1   | Got a smoking short sword
 13237 | Volcano  | Entered a volcano
 13297 | Volcano  | Received a gift from Okawaru
 13553 | Volcano  | Noticed a stone giant
 13607 | Volcano  | Found a bloodstained altar of Trog.
 13890 | Lair:1   | Reached skill level 5 in Slings
 14985 | Lair:2   | Noticed an eight-headed hydra
 15043 | Lair:2   | Reached skill level 1 in Invocations
 15123 | Lair:1   | Identified the cursed +1 short sword "Itengem" {pain, Int+4} (You found it on level 1 of the Lair of Beasts)
 15242 | Lair:2   | Received a gift from Okawaru
 15287 | Lair:2   | Got a crystal hand axe
 15289 | Lair:2   | Identified the +5 hand axe of Ash {speed, *Corrode rC++ Str+6} (You found it on level 2 of the Lair of Beasts)
 15716 | Lair:2   | Noticed a four-headed hydra
 16426 | D:10     | Entered Level 10 of the Dungeon
 16427 | D:10     | Received a gift from Okawaru
 17620 | D:10     | Noticed a two-headed ogre
 17657 | D:10     | Noticed a two-headed ogre
 17665 | D:10     | Killed a two-headed ogre
 17882 | D:9      | Reached XP level 12. HP: 81/107 MP: 14/14
 19553 | D:10     | Killed a two-headed ogre
 19754 | D:11     | Noticed a two-headed ogre
 19801 | D:10     | Killed a two-headed ogre
 20432 | D:11     | Found a staircase to the Orcish Mines.
 20446 | D:11     | Received a gift from Okawaru
 20582 | D:11     | Upgraded the game from 0.22-a0-388-g09e6169 to 0.22-a0-389-g8519d86
 20602 | D:11     | Upgraded the game from 0.22-a0-389-g8519d86 to 0.22-a0-392-g5dc3fd9
 20649 | D:11     | Noticed an angel
 20650 | D:11     | Found a glowing silver altar of Zin.
 20652 | D:11     | Found a runed door.
 20698 | D:11     | Received a gift from Okawaru
 20915 | Orc:1    | Entered Level 1 of the Orcish Mines
 20915 | Orc:1    | Noticed an orc high priest
 20935 | D:11     | HP: 1/108 [ice devil[an orc high priest] (13)]
 20935 | D:11     | Mangled by an ice devil

Vault maps used:
D:1:      ncdulo_smallfort
D:2:      kennysheep_six_static_rooms, okawaru_altar_gauntlet_db,
          chequers_ecumenical_altar_island
D:4:      temple_statues, first_ration, chequers_ossuary_entry_cave
D:5:      old_standard_altar, cheibriados_altar_1, zin_statuary
D:6:      uniq_prince_ribbit1, uniq_blork_the_orc
D:7:      nicolae_ru_sacrificial_ziggurat, grunt_livestock
D:8:      due_lair_maze_entry_diamond, special_room
D:9:      enter_bailey_3, serial_column_ruins, column_ruins_hut,
          column_ruins_hut, column_ruins_open_small, column_ruins_open_tiny,
          column_ruins_corridor_straight, column_ruins_columns_dead_end,
          column_ruins_open_tiny, column_ruins_corridor_straight,
          column_ruins_open_small
D:11:     zombieorc2_lemuel, lemuel_angel_altar
Lair:1:   enter_volcano_2, serial_bayou_shore_a
Lair:2:   lemuel_slime, minmay_shoals_entry_hut, minivault_25,
          lemuel_fruit_tree, minmay_lair_oklob_chamber
Orc:1:    serial_shops, nicolae_shop_trees, basic_altar, sword_in_stone
Ossuary:  ossuary_crypta
Volcano:  volcano_grotto

Skill      XL: |  1  2  3  4  5  6  7  8  9 10 11 12 |
---------------+-------------------------------------+-----
Fighting       | 7 8 9 10 | 10.9
Axes           | 3 4 5 6 |  6.4
Stealth        | 1 2 3 4 6 7 8 9 |  9.8
Long Blades    | 1 3 6 7 8 9 |  9.3
Dodging        | 1 |  1.1
Shields        | 2 5 7 8 9 |  9.8
Slings         | 4 6 7 |  7.0
Invocations    | 1 |  1.4
Evocations     | 3 |  3.0
Throwing       | |  0.2

Action                   |  1- 3 |  4- 6 |  7- 9 | 10-12 || total
-------------------------+-------+-------+-------+-------++-------
Melee: Hand axe          |   111 |   234 |    58 |     7 ||   410
       Tailslap          |    10 |    39 |    43 |   124 ||   216
       Falchion          |       |       |   261 |   161 ||   422
       Scimitar          |       |       |       |   347 ||   347
 Fire: Hunting sling     |       |       |       |   297 ||   297
Throw: Stone             |    29 |       |       |     3 ||    32
Invok: Heroism           |       |       |     4 |     2 ||     6
       Finesse           |       |       |       |     4 ||     4
 Abil: Breathe Acid      |       |       |    14 |    14 ||    28
Evoke: Wand              |     4 |    13 |     5 |     7 ||    29
       Box of beasts     |       |       |       |     3 ||     3
  Use: Scroll            |       |     8 |     9 |    14 ||    31
       Potion            |       |     2 |     1 |     2 ||     5
 Stab: Sleeping          |     1 |     6 |     9 |     8 ||    24
       Paralysed         |       |    22 |     2 |     1 ||    25
       Distracted        |       |       |     2 |     1 ||     3
  Eat: Ration            |     2 |     3 |     7 |    11 ||    23
Armor: Skin              |    42 |    67 |   111 |   197 ||   417
Dodge: Dodged            |    86 |   132 |   156 |   241 ||   615
Block: Shield            |       |       |    92 |   374 ||   466
       Rpst.: Falchion   |       |       |    23 |    25 ||    48
       Scimitar          |       |       |       |    48 ||    48

Table legend:
 A = Spawn XP
 B = Non-spawn XP
 C = Spawn XP percentage of total XP
 D = Spawn monster count
 E = Non-spawn monster count
 F = Spawn count percentage of total count
 G = Total turns spent on level
                    A         B        C        D         E        F      G
               +---------+---------+-------+---------+---------+-------+---------
         Total |       0 |   30720 |   0.0 |       0 |     389 |   0.0 | 20935
               +---------+---------+-------+---------+---------+-------+---------
           D:1 |       0 |      40 |   0.0 |       0 |      18 |   0.0 |   899
           D:2 |       0 |     272 |   0.0 |       0 |      35 |   0.0 |  2558
           D:3 |       0 |      95 |   0.0 |       0 |      15 |   0.0 |   588
           D:4 |       0 |     345 |   0.0 |       0 |      20 |   0.0 |  1692
           D:5 |       0 |     894 |   0.0 |       0 |      25 |   0.0 |  1574
           D:6 |       0 |    1055 |   0.0 |       0 |      23 |   0.0 |  1177
           D:7 |       0 |    4263 |   0.0 |       0 |      36 |   0.0 |  2811
           D:8 |       0 |    3293 |   0.0 |       0 |      34 |   0.0 |  1477
           D:9 |       0 |    2916 |   0.0 |       0 |      38 |   0.0 |  1772
          D:10 |       0 |    3754 |   0.0 |       0 |      27 |   0.0 |  1156
          D:11 |       0 |    3353 |   0.0 |       0 |      50 |   0.0 |   967
        Lair:1 |       0 |    5212 |   0.0 |       0 |      26 |   0.0 |  1926
        Lair:2 |       0 |    3663 |   0.0 |       0 |      19 |   0.0 |  1311
       Ossuary |       0 |     170 |   0.0 |       0 |      12 |   0.0 |   580
       Volcano |       0 |    1395 |   0.0 |       0 |      11 |   0.0 |   440
               +---------+---------+-------+---------+---------+-------+---------
